 Dungeon Crawl Stone Soup version 0.30-a0-51-g784eafce7f (webtiles) character file.

Game seed: 7898792388211095568

200 frimble the Trooper (level 5, -5/42 HPs)
             Began as a Demonspawn Cinder Acolyte on Sept 6, 2022.
             Was a High Priest of Ignis.
             Slain by an ogre
             ... wielding a +0 giant club
              (23 damage)
             ... on level 6 of the Dungeon.
             The game lasted 00:05:01 (3411 turns).

frimble the Trooper (Demonspawn Cinder Acolyte)     Turns: 3411, Time: 00:05:02

Health: -5/42      AC: 25    Str: 14    XL:     5   Next: 49%
Magic:  6/8        EV:  9    Int: 15    God:    Ignis [*****.]
Gold:   135        SH:  0    Dex: 11    Spells: 6/8 levels left

rFire   + . .      SeeInvis .      - Unarmed
rCold   . . .      Faith    .    (no shield)
rNeg    . . .      Spirit   .    k - +4 scale mail {rPois}
rPois   +          Reflect  .    (no helmet)
rElec   .          Harm     .    p - +0 cloak
rCorr   .          Rampage  .    (no gloves)
Will    .....                    b - +0 pair of boots
Stlth   ..........               e - amulet of regeneration
HPRegen 0.94/turn                (no ring)
MPRegen 0.11/turn                (no ring)

@: sanguine armoured, fiery-armoured, very slightly contaminated
A: sanguine armour 1
a: Renounce Religion, Fiery Armour, Foxfire Swarm, Rising Flame


You were on level 6 of the Dungeon.
You worshipped Ignis.
Ignis was extremely pleased with you.
You visited 1 branch of the dungeon, and saw 6 of its levels.

You collected 338 gold pieces.
You spent 203 gold pieces at shops.

Inventory:

Armour
 b - a +0 pair of boots (worn)
 k - a +4 scale mail of poison resistance (worn)
 p - a +0 cloak (worn)
Jewellery
 e - an amulet of regeneration (around neck)
Wands
 j - a wand of polymorph (8)
Scrolls
 a - 2 scrolls of fear
 q - a scroll of brand weapon
 s - 2 scrolls of poison
Potions
 d - 2 potions of attraction {unknown}
 f - 2 potions of brilliance {unknown}
 g - a potion of mutation
 l - 2 potions of flight {unknown}
 o - 2 potions of curing
 u - a potion of heal wounds
 v - a potion of invisibility


   Skills:
 + Level 4.1 Fighting
 + Level 1.4 Armour
 + Level 3.7 Unarmed Combat
 - Level 2.0 Spellcasting
 + Level 3.4 Fire Magic


You had 6 spell levels left.
You knew the following spells:

 Your Spells              Type           Power      Damage    Failure   Level
a - Scorch                Fire           22%        2d6       34%         2

Your spell library contained the following spells:

 Spells                   Type           Power      Damage    Failure   Level
 Gell's Gravitas          Tloc           1%         N/A       96%         3
 Lesser Beckoning         Tloc           1%         N/A       96%         3
 Teleport Other           Tloc           1%         N/A       96%         3


Dungeon Overview and Level Annotations

Branches:
Dungeon (7/15)
 Temple: D:4-7

Altars:
Nemelex Xobeh

Shops:
D:1 :   D:3 *!=*[


Innate Abilities, Weirdness & Mutations

When seriously injured, your blood forms armour. (AC +6)


Message History

Aiming: Polymorph
Press: ? - help, Shift-Dir - straight line, f - ogre
Aim: an ogre, wielding a +0 giant club (will become a dream sheep, a worm, or a boggart, chance to affect: 49%)
Okay, then.
Unknown command.
Unknown command.
Casting: Scorch (dangerous; 34% risk of failure)
Press: ? - help, Q - select action, (/) - cycle Dir - look around, f - activate
Okay, then.
Unknown command.
There is a stone staircase leading down, spattered with blood here.
Casting: Scorch (dangerous; 34% risk of failure)
Press: ? - help, Q - select action, (/) - cycle Dir - look around, f - activate You miscast Scorch.
You are very lightly contaminated with residual magic.
Nothing appears to happen.
Okay, then.
A protective cloak of flame settles atop you.
You hit the ogre.
The ogre is lightly wounded.
You closely miss the ogre. You punch the ogre, but do no damage.
The ogre is lightly wounded.
The ogre barely misses you.
You hit the ogre.
The ogre is moderately wounded.
The ogre closely misses you.
You hit the ogre.
The ogre is moderately wounded.
You hit the ogre.
The ogre is heavily wounded.
The ogre hits you with a +0 giant club!!
Ouch! That really hurt!
Your blood congeals into armour.
The ogre is burned by your cloak of flames.
The ogre is heavily wounded.
You hit the ogre.
The ogre is severely wounded.
The ogre hits you with a +0 giant club!!
Ouch! That really hurt!
You die...

#..............
.........)....)...
..................
..................
..................
..................
#.................
#...@..........
##..O...#.....#
###.##...#
..####..##..#
........##..## #
#...###......#.#
###.###.###....#
#.....###....##
###.....#......


You could see an ogre.

Vanquished Creatures
  A hound (D:3)
  Terence (D:2)
  An iguana (D:7)
  4 adders
  A worm (D:2)
  4 dart slugs
  An orc (D:3)
  7 ball pythons
  6 endoplasms
  A giant cockroach (D:2)
  4 goblins
  7 hobgoblins
  6 jackals
  2 quokkas
  6 bats
  5 frilled lizards
  9 kobolds
  4 rats
70 creatures vanquished.

Vanquished Creatures (others)
  A plant (D:3)
1 creature vanquished.

Grand Total: 71 creatures vanquished

Notes
Turn   | Place    | Note
-------+----------+-------------------------------------------
     0 | D:1      | frimble the Demonspawn Cinder Acolyte began the quest for
                  | the Orb.
     0 | D:1      | Reached XP level 1. HP: 18/18 MP: 2/2
   289 | D:1      | Gained mutation: When seriously injured, your blood forms
                  | armour. (AC +6) [demonic ancestry]
   289 | D:1      | Reached XP level 2. HP: 24/24 MP: 3/3
   331 | D:1      | Learned a level 2 spell: Scorch
   810 | D:1      | Reached XP level 3. HP: 29/29 MP: 5/5
   884 | D:1      | Found Homahuiw's Book Shop.
  1412 | D:2      | Found a sparkling altar of Nemelex Xobeh.
  1582 | D:2      | Noticed Terence
  1610 | D:2      | Killed Terence
  1611 | D:2      | Reached XP level 4. HP: 19/35 MP: 1/6
  2462 | D:3      | Found Taickin's Armour Emporium.
  2506 | D:3      | Found Poseoq's Jewellery Shoppe.
  2566 | D:3      | Reached skill level 1 in Armour
  2566 | D:3      | Reached XP level 5. HP: 41/42 MP: 8/8
  2616 | D:3      | Found Loilugikeb's Distillery.
  2625 | D:3      | Bought a potion of curing for 39 gold pieces
  2662 | D:3      | Reached skill level 4 in Fighting
  2746 | D:3      | Found Limyfugao's Assorted Antiques.
  2906 | D:3      | Found Imnuas's Assorted Antiques.
  2951 | D:3      | Bought a scroll labelled OZONOE EPIXU for 20 gold pieces
  2951 | D:3      | Bought a scroll labelled VUNEFASOYL for 20 gold pieces
  2951 | D:3      | Bought a glowing red potion for 18 gold pieces
  2951 | D:3      | Bought an inky potion for 18 gold pieces
  2989 | D:3      | Bought a golden potion for 22 gold pieces
  2989 | D:3      | Bought a coppery potion for 22 gold pieces
  2994 | D:3      | Bought a silvery potion for 22 gold pieces
  2994 | D:3      | Bought a silvery potion for 22 gold pieces
  3079 | D:3      | Found a faded altar of an unknown god.
  3080 | D:3      | Noticed a shining eye
  3082 | D:3      | Noticed a great orb of eyes
  3082 | D:3      | Noticed an eye of devastation
  3082 | D:3      | Noticed an eye of devastation
  3242 | D:4      | You fall into a shaft and drop 3 floors!
  3393 | D:6      | Noticed an ogre
  3411 | D:6      | Slain by an ogre

Illustrated notes

Levels and vault maps discovered:
D:1:      zelgadis_glass_arrival_small, layout_basic, serial_shops,
          shop_fountains
D:2:      layout_loops_corners, basic_altar, uniq_terence
D:3:      layout_rooms, serial_bayou, serial_bayou_lake_a, serial_bayou_pond_a,
          serial_bayou_lagoon_b, serial_bayou_shore_b,
          hellmonk_ecumenical_altar_watching_god, serial_shops,
          nicolae_shop_overgrown_old_shop, shop, nicolae_shop_stone,
          nicolae_shop_window_shopping, nicolae_square_shop
D:4:      layout_basic, marbit_many_paths, minmay_temple_entry_antechambers,
          minivault_1, kennysheep_nub, uniq_robin
D:6:      layout_rooms, elyvilon_altar_1
D:7:      layout_loops_cross, nicolae_hepliaklqana_hippocampus,
          mainiacjoe_overflow_24_doors, chequers_big_river, minmay_crystal_room

Skill      XL: |  1  2  3  4  5 |
---------------+----------------+-----
Unarmed Combat | 3 |  3.7
Fire Magic     | 3 |  3.4
Spellcasting   | 2 |  2.0
Armour         | 1 |  1.4
Fighting       | 4 |  4.1

Action                   |  1- 3 |  4- 6 || total
-------------------------+-------+-------++-------
Melee: Unarmed           |   113 |   193 ||   306
       Punch             |     2 |     4 ||     6
 Cast: Scorch            |     7 |     2 ||     9
Invok: Fiery Armour      |       |     1 ||     1
  Use: Scroll            |       |    13 ||    13
Armor: Robe              |    42 |     1 ||    43
       Scale mail        |       |   123 ||   123
Dodge: Dodged            |    63 |   109 ||   172

Table legend: (Time is in decaauts)
 A = Elapsed time spent in this place.
 B = Non-inter-level travel time spent in this place.
 C = Inter-level travel time spent in this place.
 D = Time resting spent in this place.
 E = Time spent auto-exploring this place.
 F = Levels seen in this place.
 G = Mean time per level.
                   A        B        C        D        E       F      G
               +--------+--------+--------+--------+--------+-----+--------+
         Total |   3443 |   3298 |    145 |     50 |   2611 |   6 |  573.8 |
       Dungeon |   3443 |   3298 |    145 |     50 |   2611 |   6 |  573.8 |
               +--------+--------+--------+--------+--------+-----+--------+

Top non-repeatable levels by time:
     D:1: 1383 daAuts
     D:2: 1068 daAuts
     D:3: 816 daAuts
     D:7: 121 daAuts
     D:6: 46 daAuts
     D:4: 6 daAuts
